[Event "XIII Mediterranean Championship 2023"]
[Site "Castell-Platja d Aro"]
[Date "2023.11.07"]
[Round "5.29"]
[White "Hernando Rodrigo, Lourdes"]
[Black "Giro Castellet, Esteve"]
[Result "0-1"]
[ECO "D02"]
[WhiteElo "1625"]
[BlackElo "1633"]
[Annotator "NA RC"]
[PlyCount "98"]
[EventDate "2023.10.26"]
[EventType "swiss"]
[EventCountry "ESP"]
[SourceTitle "playchess.com"]
[Source "ChessBase"]
[SourceQuality "1"]
[TimeControl "5400+30"]

1. d4 d5 2. Bf4 Nf6 3. e3 Nbd7 4. Nf3 e6 5. Bd3 Be7 6. Nbd2 O-O 7. Ne5 c5 8. c3 Re8 9. O-O Nf8 10. Qf3 Bd7 11. Rac1 Qb6 12. Bb1 Rac8 13. Bg5 Bb5 14. Rfe1 N8d7 15. Bxf6 Nxf6 16. Qh3 Rf8 17. Ndf3 h6 18. b3 Bc6 19. Nxc6 Rxc6 20. Ne5 Rc7 21. f4 Ne4 22. f5 Bf6 23. Ng4 exf5 24. Ne5 Qe6 25. Rf1 Bxe5 26. dxe5 Qxe5 27. Rxf5 Qe6 28. Qf3 Re7 29. Rd1 Nxc3 30. Rc1 Nxb1 31. Rxb1 Rd8 32. Rc1 b6 33. Rd1 g6 34. Rfxd5 Rxd5 35. Rxd5 Rd7 36. e4 Rxd5 37. exd5 Qe1+ 38. Qf1 Qxf1+ 39. Kxf1 Kf8 40. Ke2 Ke7 41. Kd3 Kd6 42. Ke4 f5+ 43. Kf4 Kxd5 44. g4 fxg4 45. Kxg4 b5 46. Kf4 c4 47. bxc4+ bxc4 48. Ke3 g5 49. a3 h5 0-1

[Event "XIII Mediterranean Championship 2023"]
[Site "Castell-Platja d Aro"]
[Date "2023.11.07"]
[Round "5.30"]
[White "Delbos, Jean-Louis"]
[Black "Parramon Arimany, Marc"]
[Result "0-1"]
[ECO "B21"]
[WhiteElo "1573"]
[BlackElo "1834"]
[Annotator "NA RC"]
[PlyCount "100"]
[EventDate "2023.10.26"]
[EventType "swiss"]
[EventCountry "ESP"]
[SourceTitle "playchess.com"]
[Source "ChessBase"]
[SourceQuality "1"]
[TimeControl "5400+30"]

1. e4 c5 2. d4 cxd4 3. c3 d3 4. Bxd3 Nc6 5. Nf3 d6 6. O-O Bg4 7. Be2 Nf6 8. Qb3 Qc7 9. Ng5 e5 10. Bxg4 Nxg4 11. Na3 Rd8 12. Ne6 fxe6 13. Qxe6+ Be7 14. Qxg4 O-O 15. Be3 b6 16. Rad1 Rf6 17. Nb5 Qb7 18. Qe2 h6 19. f4 a6 20. Na3 Rdf8 21. f5 b5 22. g4 Nd8 23. g5 hxg5 24. Bxg5 Qb6+ 25. Qf2 Qxf2+ 26. Kxf2 Rxf5+ 27. exf5 Rxf5+ 28. Ke2 Rxg5 29. Nc2 Ne6 30. Ne3 Rh5 31. Nf5 Rxh2+ 32. Kf3 Bf6 33. Rxd6 Ng5+ 34. Kg3 Rxb2 35. Rxa6 Rc2 36. Ra8+ Kh7 37. Rh1+ Kg6 38. Rf1 Rxc3+ 39. Kg4 Rc4+ 40. Kg3 Ne4+ 41. Kg2 Rc2+ 42. Kh3 Rc3+ 43. Kg2 Kg5 44. a4 g6 45. axb5 gxf5 46. Rb1 f4 47. Rg8+ Kf5 48. b6 f3+ 49. Kf1 Nd2+ 50. Kf2 Bh4+ 0-1

[Event "XIII Mediterranean Championship 2023"]
[Site "Castell-Platja d Aro"]
[Date "2023.11.08"]
[Round "6.1"]
[White "Iermito, Sebastian"]
[Black "Garriga Cazorla, Pere"]
[Result "1/2-1/2"]
[ECO "A14"]
[WhiteElo "2521"]
[BlackElo "2459"]
[Annotator "RC"]
[PlyCount "102"]
[EventDate "2023.10.26"]
[EventType "swiss"]
[EventCountry "ESP"]
[SourceTitle "playchess.com"]
[Source "ChessBase"]
[SourceQuality "1"]
[TimeControl "5400+30"]

1. Nf3 d5 2. g3 Nf6 3. Bg2 e6 4. c4 Be7 5. O-O O-O 6. b3 d4 7. e3 c5 8. Ne5 Nfd7 9. exd4 cxd4 10. Nxd7 Nxd7 11. d3 e5 12. Re1 Re8 13. Ba3 Rb8 14. Bxe7 Qxe7 15. Nd2 Nf6 16. Ne4 Bf5 17. Qe2 Bxe4 18. Bxe4 Qd6 19. Bg2 g6 20. Qd2 b5 21. Qa5 bxc4 22. bxc4 Nd7 23. Qxa7 Nc5 24. Bd5 Re7 25. Qa3 Rb6 26. Red1 Ra6 27. Qb4 Rea7 28. Qe1 Rxa2 29. Rxa2 Rxa2 30. Rd2 Ra3 31. Qe2 Kg7 32. Kg2 Qf6 33. Be4 Qe7 34. Bd5 Qg5 35. h4 Qf5 36. Be4 Nxe4 37. Qxe4 Qxe4+ 38. dxe4 Rc3 39. f4 Kf6 40. Ra2 exf4 41. gxf4 Rxc4 42. Ra6+ Ke7 43. Ra7+ Ke6 44. Ra6+ Kd7 45. Ra7+ Kc6 46. Kf2 Rc2+ 47. Ke1 Rh2 48. Rxf7 Rxh4 49. Kd2 Rh3 50. f5 gxf5 51. Rxf5 Re3 1/2-1/2

[Event "XIII Mediterranean Championship 2023"]
[Site "Castell-Platja d Aro"]
[Date "2023.11.08"]
[Round "6.2"]
[White "Alexakis, Dimitris"]
[Black "Asis Gargatagli, Hipolito"]
[Result "1/2-1/2"]
[ECO "B55"]
[WhiteElo "2458"]
[BlackElo "2511"]
[Annotator "RC"]
[PlyCount "45"]
[EventDate "2023.10.26"]
[EventType "swiss"]
[EventCountry "ESP"]
[SourceTitle "playchess.com"]
[Source "ChessBase"]
[SourceQuality "1"]
[TimeControl "5400+30"]

1. e4 c5 2. Nf3 d6 3. d4 cxd4 4. Nxd4 Nf6 5. f3 Nc6 6. c4 Qb6 7. Nc2 e6 8. Nc3 Be7 9. Bd3 Nd7 10. Rb1 Bh4+ 11. g3 Be7 12. Be3 Qc7 13. f4 O-O 14. O-O b6 15. b4 Bb7 16. g4 a5 17. a3 axb4 18. axb4 g5 19. Nb5 Qc8 20. Be2 Ra2 21. Nc3 Ra8 22. Nb5 Ra2 23. Nc3 1/2-1/2

[Event "XIII Mediterranean Championship 2023"]
[Site "Castell-Platja d Aro"]
[Date "2023.11.08"]
[Round "6.3"]
[White "Gines Esteo, Pedro Antonio"]
[Black "Garcia Jimenez, Francisco Javier"]
[Result "1-0"]
[ECO "A25"]
[WhiteElo "2490"]
[BlackElo "2249"]
[Annotator "RC"]
[PlyCount "41"]
[EventDate "2023.10.26"]
[EventType "swiss"]
[EventCountry "ESP"]
[SourceTitle "playchess.com"]
[Source "ChessBase"]
[SourceQuality "1"]
[TimeControl "5400+30"]

1. c4 e5 2. Nc3 Nc6 3. g3 g6 4. Bg2 Bg7 5. d3 d6 6. Rb1 f5 7. e3 Nh6 8. Nge2 O-O 9. O-O Nf7 10. Qd2 Ne7 11. f4 c6 12. e4 Be6 13. b3 d5 14. exd5 cxd5 15. Ba3 dxc4 16. bxc4 e4 17. Rfd1 exd3 18. Qxd3 Qxd3 19. Rxd3 Rfe8 20. Rxb7 Bxc4 21. Rdd7 1-0

[Event "XIII Mediterranean Championship 2023"]
[Site "Castell-Platja d Aro"]
[Date "2023.11.08"]
[Round "6.4"]
[White "Trepat Herranz, Joan"]
[Black "Garcia Ramos, Daniel"]
[Result "1/2-1/2"]
[ECO "B12"]
[WhiteElo "2385"]
[BlackElo "2455"]
[Annotator "RC"]
[PlyCount "56"]
[EventDate "2023.10.26"]
[EventType "swiss"]
[EventCountry "ESP"]
[SourceTitle "playchess.com"]
[Source "ChessBase"]
[SourceQuality "1"]
[TimeControl "5400+30"]

1. e4 c6 2. d4 d5 3. e5 Bf5 4. h4 h5 5. c4 e6 6. Nc3 dxc4 7. Bxc4 Be7 8. Nge2 Nd7 9. Ng3 Bg6 10. Be2 Qb6 11. a4 a5 12. Be3 Nh6 13. O-O Rd8 14. Bxh5 Nf8 15. Bxg6 Nxg6 16. h5 Nh4 17. d5 Qxb2 18. Nge4 N6f5 19. Ba7 exd5 20. Rb1 Qa3 21. Rb3 dxe4 22. Qb1 Rxh5 23. Rxa3 Nf3+ 24. gxf3 Rg5+ 25. Kh1 Rh5+ 26. Kg2 Rg5+ 27. Kh1 Rh5+ 28. Kg2 Rg5+ 1/2-1/2

[Event "XIII Mediterranean Championship 2023"]
[Site "Castell-Platja d Aro"]
[Date "2023.11.08"]
[Round "6.5"]
[White "Eugene, Floryan"]
[Black "Rojano Alfonso, Carlos"]
[Result "0-1"]
[ECO "E52"]
[WhiteElo "2426"]
[BlackElo "2207"]
[Annotator "RC"]
[PlyCount "58"]
[EventDate "2023.10.26"]
[EventType "swiss"]
[EventCountry "ESP"]
[SourceTitle "playchess.com"]
[Source "ChessBase"]
[SourceQuality "1"]
[TimeControl "5400+30"]

1. d4 Nf6 2. c4 e6 3. Nc3 Bb4 4. e3 b6 5. Bd2 Bb7 6. Nf3 O-O 7. Bd3 d5 8. cxd5 exd5 9. O-O Nbd7 10. Rc1 a6 11. Ne5 Nxe5 12. dxe5 Nd7 13. f4 Nc5 14. Bxh7+ Kxh7 15. Qh5+ Kg8 16. f5 f6 17. e6 Bxc3 18. Rxc3 Bc8 19. e4 Qe8 20. Qh4 Bxe6 21. e5 Bd7 22. Bh6 Qxe5 23. Bxg7 Kxg7 24. Qh5 Rh8 25. Qg4+ Kf8 26. Rg3 Ke7 27. Qg7+ Kd6 28. Rd1 Rhg8 29. Qf7 Rxg3 0-1

[Event "XIII Mediterranean Championship 2023"]
[Site "Castell-Platja d Aro"]
[Date "2023.11.08"]
[Round "6.6"]
[White "Jimenez Ruano, Adrian"]
[Black "Ayats Llobera, Gerard"]
[Result "1/2-1/2"]
[ECO "E52"]
[WhiteElo "2281"]
[BlackElo "2442"]
[Annotator "RC"]
[PlyCount "45"]
[EventDate "2023.10.26"]
[EventType "swiss"]
[EventCountry "ESP"]
[SourceTitle "playchess.com"]
[Source "ChessBase"]
[SourceQuality "1"]
[TimeControl "5400+30"]

1. d4 e6 2. c4 b6 3. Nc3 Bb7 4. Nf3 Bb4 5. Bd2 Nf6 6. e3 O-O 7. Bd3 d5 8. cxd5 exd5 9. O-O Nbd7 10. Ne5 Nxe5 11. dxe5 Nd7 12. e6 fxe6 13. Qg4 Bd6 14. Qxe6+ Kh8 15. Qh3 Nf6 16. f3 Qe7 17. Kh1 Rae8 18. Rae1 Be5 19. Qh4 Qf7 20. b4 Rg8 21. b5 Ref8 22. Qg5 Re8 23. Ne2 1/2-1/2

[Event "XIII Mediterranean Championship 2023"]
[Site "Castell-Platja d Aro"]
[Date "2023.11.08"]
[Round "6.7"]
[White "Narciso Dublan, Marc"]
[Black "Lazaro Pujol, Abel"]
[Result "1-0"]
[ECO "A13"]
[WhiteElo "2401"]
[BlackElo "2289"]
[Annotator "RC"]
[PlyCount "81"]
[EventDate "2023.10.26"]
[EventType "swiss"]
[EventCountry "ESP"]
[SourceTitle "playchess.com"]
[Source "ChessBase"]
[SourceQuality "1"]
[TimeControl "5400+30"]

1. c4 e6 2. g3 d5 3. Bg2 Nf6 4. Nf3 d4 5. O-O c5 6. e3 Nc6 7. exd4 cxd4 8. d3 h6 9. Bf4 Nd7 10. Na3 Bc5 11. Nc2 a5 12. b3 O-O 13. a3 e5 14. Bd2 Qe7 15. Re1 Ra6 16. b4 axb4 17. axb4 Nxb4 18. Nxb4 Bxb4 19. Bxb4 Qxb4 20. Nxe5 Nxe5 21. Rxe5 Rxa1 22. Qxa1 Bd7 23. h4 Qc3 24. Qb1 Bc6 25. Bxc6 bxc6 26. Qd1 Qa3 27. Qe2 Qd6 28. h5 Qf6 29. Qe4 Rd8 30. Kg2 Kf8 31. Rc5 Rd6 32. Qh7 g5 33. hxg6 Qxg6 34. Qh8+ Qg8 35. Qe5 Qg6 36. Ra5 Rd8 37. Qh8+ Ke7 38. Ra7+ Rd7 39. Ra8 f6 40. Qf8+ Ke6 41. Re8+ 1-0

[Event "XIII Mediterranean Championship 2023"]
[Site "Castell-Platja d Aro"]
[Date "2023.11.08"]
[Round "6.8"]
[White "Hernando Rodrigo, Julio Antonio"]
[Black "Gilevych, Artem"]
[Result "1/2-1/2"]
[ECO "E06"]
[WhiteElo "2202"]
[BlackElo "2416"]
[Annotator "RC"]
[PlyCount "32"]
[EventDate "2023.10.26"]
[EventType "swiss"]
[EventCountry "ESP"]
[SourceTitle "playchess.com"]
[Source "ChessBase"]
[SourceQuality "1"]
[TimeControl "5400+30"]

1. d4 d5 2. c4 e6 3. Nf3 Nf6 4. g3 Be7 5. Bg2 O-O 6. O-O c6 7. Nbd2 b6 8. Qc2 Bb7 9. e4 Na6 10. a3 c5 11. exd5 exd5 12. dxc5 Nxc5 13. b4 Ne6 14. Bb2 Rc8 15. Ne5 Qc7 16. Qf5 dxc4 1/2-1/2

[Event "XIII Mediterranean Championship 2023"]
[Site "Castell-Platja d Aro"]
[Date "2023.11.08"]
[Round "6.9"]
[White "Pham Guerrero, Sergi"]
[Black "Lacasa Diaz, Jose Antonio"]
[Result "0-1"]
[ECO "B26"]
[WhiteElo "2072"]
[BlackElo "2353"]
[Annotator "RC"]
[PlyCount "136"]
[EventDate "2023.10.26"]
[EventType "swiss"]
[EventCountry "ESP"]
[SourceTitle "playchess.com"]
[Source "ChessBase"]
[SourceQuality "1"]
[TimeControl "5400+30"]

1. e4 c5 2. Nc3 g6 3. g3 Bg7 4. Bg2 Nc6 5. d3 e6 6. Be3 d6 7. Qd2 Rb8 8. a4 a6 9. Nge2 Nd4 10. O-O h5 11. a5 Ne7 12. f4 Nec6 13. e5 d5 14. Na4 Bf8 15. Nxd4 cxd4 16. Bf2 Bb4 17. c3 Bxa5 18. Qc2 dxc3 19. bxc3 O-O 20. g4 hxg4 21. Qe2 f5 22. exf6 Qxf6 23. Bc5 b5 24. Bxf8 Kxf8 25. c4 bxa4 26. cxd5 Nd4 27. Qe5 Qxe5 28. fxe5+ Nf5 29. Rxa4 Bb6+ 30. Kh1 exd5 31. Rxg4 Kg7 32. Rb4 Bc7 33. Rxb8 Bxb8 34. Rc1 Be6 35. Rc6 Kf7 36. Rxa6 Bxe5 37. Bh3 d4 38. Ra7+ Kf6 39. Ra6 Ke7 40. Ra7+ Kf8 41. Ra5 Bf4 42. Bg2 Nd6 43. Bf3 Ke7 44. Kg2 Nf5 45. Be4 Ne3+ 46. Kg1 g5 47. Ra4 Ng4 48. Kg2 Be5 49. Ra5 Kf6 50. Ra6 Ne3+ 51. Kg1 g4 52. Bb7 Ke7 53. Ra5 Bf4 54. Ra4 Nf5 55. Be4 Nh4 56. Kh1 Be3 57. Ra7+ Kf6 58. Ra6 Ke5 59. Ra5+ Kf4 60. Ra6 Bb3 61. Rh6 Kg5 62. Rb6 Bd1 63. Rb5+ Kf4 64. Rh5 Bf2 65. Rh8 Ke3 66. Rf8 Bf3+ 67. Bxf3 gxf3 68. h3 Kxd3 0-1

[Event "XIII Mediterranean Championship 2023"]
[Site "Castell-Platja d Aro"]
[Date "2023.11.08"]
[Round "6.10"]
[White "Masague Artero, Guerau"]
[Black "Makka, Evanthia"]
[Result "1-0"]
[ECO "A21"]
[WhiteElo "2305"]
[BlackElo "2004"]
[Annotator "RC"]
[PlyCount "93"]
[EventDate "2023.10.26"]
[EventType "swiss"]
[EventCountry "ESP"]
[SourceTitle "playchess.com"]
[Source "ChessBase"]
[SourceQuality "1"]
[TimeControl "5400+30"]

1. c4 e5 2. Nc3 d6 3. Nf3 f5 4. d4 e4 5. Ng5 c6 6. d5 Be7 7. h4 Nf6 8. e3 O-O 9. Be2 Ne8 10. dxc6 bxc6 11. b3 Bxg5 12. hxg5 Qxg5 13. g3 Be6 14. Bb2 Nd7 15. Qc2 Ne5 16. O-O-O Rf7 17. Rh5 Nd3+ 18. Qxd3 Qxh5 19. Bxh5 exd3 20. Bxf7+ Kxf7 21. Rxd3 Ke7 22. e4 Rd8 23. Re3 Kf7 24. e5 dxe5 25. Rxe5 Nf6 26. Ra5 Rd7 27. f3 f4 28. gxf4 g6 29. Ne2 h5 30. Bd4 h4 31. Rxa7 h3 32. Rxd7+ Bxd7 33. Bg1 Ke6 34. Kd2 Nh5 35. Ke3 c5 36. Bh2 Ng7 37. Kf2 Bc8 38. Nc3 Kd7 39. Ne4 Kc6 40. Kg3 Bf5 41. Bg1 Nh5+ 42. Kh2 Bxe4 43. fxe4 Nxf4 44. Be3 Ne2 45. e5 Nc3 46. a4 Na2 47. Bd2 1-0

[Event "XIII Mediterranean Championship 2023"]
[Site "Castell-Platja d Aro"]
[Date "2023.11.08"]
[Round "6.11"]
[White "Domene Mulyukov, Alexander"]
[Black "Ventura Bolet, Alexandre"]
[Result "1-0"]
[ECO "B02"]
[WhiteElo "2198"]
[BlackElo "2238"]
[Annotator "RC"]
[PlyCount "89"]
[EventDate "2023.10.26"]
[EventType "swiss"]
[EventCountry "ESP"]
[SourceTitle "playchess.com"]
[Source "ChessBase"]
[SourceQuality "1"]
[TimeControl "5400+30"]

1. e4 Nf6 2. e5 Nd5 3. c4 Nb6 4. c5 Nd5 5. Nc3 c6 6. Nf3 d6 7. cxd6 exd6 8. Nxd5 cxd5 9. Bb5+ Nc6 10. O-O Be7 11. Nd4 O-O 12. Nxc6 bxc6 13. Bxc6 Rb8 14. d4 Be6 15. Ba4 dxe5 16. dxe5 Bc5 17. Bb3 Qh4 18. Qd3 Rfd8 19. Bd2 Qd4 20. Qxd4 Bxd4 21. Bc3 Bb6 22. Rfc1 d4 23. Bb4 Bxb3 24. axb3 Rd5 25. Bd6 Re8 26. Rc4 f6 27. f4 d3+ 28. Kf1 h5 29. Rd1 g5 30. g3 gxf4 31. gxf4 Kf7 32. Rc3 Rg8 33. Rdxd3 Rxd3 34. Rxd3 Rg1+ 35. Ke2 Rg2+ 36. Kf3 Rxh2 37. e6+ Kg7 38. Ke4 Re2+ 39. Kf5 Re3 40. Rd2 h4 41. Be7 h3 42. Bxf6+ Kh6 43. Rd7 h2 44. Bg5+ Kh5 45. Rh7# 1-0

[Event "XIII Mediterranean Championship 2023"]
[Site "Castell-Platja d Aro"]
[Date "2023.11.08"]
[Round "6.12"]
[White "Rodriguez Redondo, Adhara"]
[Black "Martin Barcelo, Carles"]
[Result "1/2-1/2"]
[ECO "B13"]
[WhiteElo "2117"]
[BlackElo "2242"]
[Annotator "RC"]
[PlyCount "99"]
[EventDate "2023.10.26"]
[EventType "swiss"]
[EventCountry "ESP"]
[SourceTitle "playchess.com"]
[Source "ChessBase"]
[SourceQuality "1"]
[TimeControl "5400+30"]

1. e4 c6 2. d4 d5 3. exd5 cxd5 4. Bd3 Nf6 5. c3 Bg4 6. Qb3 Qc7 7. h3 Bh5 8. Ne2 Nc6 9. Bf4 Qd7 10. O-O e6 11. Nd2 Bd6 12. Bg5 O-O 13. Nf4 Bg6 14. Nxg6 hxg6 15. Rfe1 Rab8 16. Nf3 Qc7 17. a4 a6 18. Qc2 Nd7 19. Bd2 e5 20. dxe5 Ndxe5 21. Nxe5 Nxe5 22. Bf1 Nc4 23. Rad1 Be7 24. g3 Nxd2 25. Rxd2 Bc5 26. Kh2 Rfe8 27. Rxe8+ Rxe8 28. Bg2 Re1 29. Bxd5 Kh7 30. Re2 Rxe2 31. Qxe2 Qd7 32. c4 b6 33. Kg2 a5 34. Qf3 Kg8 35. b3 Qe7 36. h4 Bd4 37. Qg4 Qf6 38. Qe2 Qe5 39. Qxe5 Bxe5 40. f4 Bc3 41. Kf3 Kf8 42. g4 Be1 43. h5 gxh5 44. gxh5 Ke7 45. Ke4 Bc3 46. Kf5 Bd2 47. Bf3 Bc3 48. Bd5 Bd2 49. Bf3 Bc3 50. Bd5 1/2-1/2

[Event "XIII Mediterranean Championship 2023"]
[Site "Castell-Platja d Aro"]
[Date "2023.11.08"]
[Round "6.13"]
[White "Vehi Bach, Victor Manuel"]
[Black "Lever, Erwan"]
[Result "1-0"]
[ECO "B44"]
[WhiteElo "2216"]
[BlackElo "2184"]
[Annotator "RC"]
[PlyCount "117"]
[EventDate "2023.10.26"]
[EventType "swiss"]
[EventCountry "ESP"]
[SourceTitle "playchess.com"]
[Source "ChessBase"]
[SourceQuality "1"]
[TimeControl "5400+30"]

1. e4 c5 2. Nf3 e6 3. d4 cxd4 4. Nxd4 Nc6 5. Bf4 d6 6. Nxc6 bxc6 7. c4 e5 8. Be3 Nf6 9. Nc3 Ng4 10. Bc1 Qb6 11. Qc2 d5 12. cxd5 Bc5 13. Nd1 cxd5 14. exd5 O-O 15. h3 Nf6 16. Nc3 Bb7 17. Bd3 e4 18. Bxe4 Nxe4 19. Nxe4 Bb4+ 20. Nc3 Rfe8+ 21. Be3 Rxe3+ 22. fxe3 Qxe3+ 23. Qe2 Qg3+ 24. Kd1 Bxd5 25. Nxd5 Rd8 26. Qe4 Qg5 27. Kc2 Qd2+ 28. Kb1 Rxd5 29. a3 Bd6 30. Rc1 g6 31. Rc2 Qa5 32. Ka2 Be5 33. Rac1 Rd4 34. Qc6 Rb4 35. Rf1 Rb8 36. Qc4 Rf8 37. Rcf2 Qb6 38. Qb3 Qc7 39. Rc2 Qe7 40. Rfc1 Qd7 41. Re1 Rb8 42. Qc4 Rxb2+ 43. Rxb2 Bxb2 44. Qe2 Bd4 45. Qe8+ Qxe8 46. Rxe8+ Kg7 47. Kb3 h5 48. Kc4 Bf2 49. Re2 Bg1 50. Re1 Bf2 51. Rf1 Be3 52. a4 f5 53. a5 Kf6 54. a6 f4 55. Kd3 Kf5 56. Rb1 Kg5 57. g3 h4 58. Rb5+ Kh6 59. gxf4 1-0

[Event "XIII Mediterranean Championship 2023"]
[Site "Castell-Platja d Aro"]
[Date "2023.11.08"]
[Round "6.14"]
[White "Menac Comas, Joan Ramon"]
[Black "Alsina Leal, Daniel"]
[Result "0-1"]
[ECO "A09"]
[WhiteElo "2044"]
[BlackElo "2531"]
[Annotator "RC"]
[PlyCount "38"]
[EventDate "2023.10.26"]
[EventType "swiss"]
[EventCountry "ESP"]
[SourceTitle "playchess.com"]
[Source "ChessBase"]
[SourceQuality "1"]
[TimeControl "5400+30"]

1. Nf3 d5 2. e3 c5 3. c4 d4 4. exd4 cxd4 5. b4 Nf6 6. Bb2 e5 7. Qb3 Nc6 8. b5 Na5 9. Qc2 Bc5 10. d3 O-O 11. Nbd2 Re8 12. O-O-O a6 13. g3 axb5 14. cxb5 Qd5 15. Bg2 Qxa2 16. Qxc5 Bf5 17. Nxe5 Rxe5 18. Qxe5 Bxd3 19. Qc7 Qb1+ 0-1

[Event "XIII Mediterranean Championship 2023"]
[Site "Castell-Platja d Aro"]
[Date "2023.11.08"]
[Round "6.15"]
[White "Valle Luis, Leo"]
[Black "Mateu Guiu, Esteve"]
[Result "1-0"]
[ECO "B62"]
[WhiteElo "2216"]
[BlackElo "2075"]
[Annotator "RC"]
[PlyCount "85"]
[EventDate "2023.10.26"]
[EventType "swiss"]
[EventCountry "ESP"]
[SourceTitle "playchess.com"]
[Source "ChessBase"]
[SourceQuality "1"]
[TimeControl "5400+30"]

1. e4 c5 2. Nf3 d6 3. d4 cxd4 4. Nxd4 Nf6 5. Nc3 Nc6 6. Bg5 e6 7. Qd3 Be7 8. O-O-O O-O 9. f4 Qb6 10. Nb3 Rd8 11. Be2 Bd7 12. g4 Rac8 13. Kb1 Be8 14. h4 Nb4 15. Qd4 Qxd4 16. Nxd4 h6 17. Bxf6 Bxf6 18. g5 hxg5 19. hxg5 Bxd4 20. Rxd4 Nc6 21. Rd3 Kf8 22. Bg4 Ke7 23. Re3 g6 24. Nd5+ Kd7 25. Rh7 Ne7 26. Nf6+ Kc6 27. Rc3+ Kb6 28. Rb3+ Kc5 29. Rxb7 Nc6 30. c3 Rb8 31. Rxb8 Rxb8 32. Nxe8 Rxe8 33. Rxf7 a5 34. Rb7 d5 35. Bf3 Rf8 36. exd5 exd5 37. Rd7 Rxf4 38. Rxd5+ Kb6 39. Be2 Rf2 40. Bd3 Rg2 41. Rd6 Rxg5 42. Be4 Rc5 43. Rxg6 1-0

[Event "XIII Mediterranean Championship 2023"]
[Site "Castell-Platja d Aro"]
[Date "2023.11.08"]
[Round "6.16"]
[White "De Lussac, Estephe"]
[Black "Banos, Oscar"]
[Result "0-1"]
[ECO "B33"]
[WhiteElo "2013"]
[BlackElo "2188"]
[Annotator "RC"]
[PlyCount "82"]
[EventDate "2023.10.26"]
[EventType "swiss"]
[EventCountry "ESP"]
[SourceTitle "playchess.com"]
[Source "ChessBase"]
[SourceQuality "1"]
[TimeControl "5400+30"]

1. e4 c5 2. Nf3 Nc6 3. d4 cxd4 4. Nxd4 Nf6 5. Nc3 e5 6. Ndb5 d6 7. Nd5 Nxd5 8. exd5 Nb8 9. Qf3 a6 10. Qa3 Be7 11. Bg5 f6 12. Bd2 O-O 13. Be2 b6 14. c4 Bb7 15. Nc3 Nd7 16. g4 Nc5 17. Rc1 f5 18. gxf5 Rxf5 19. b4 Nd7 20. Bg4 Qf8 21. Bxf5 Qxf5 22. Ne2 b5 23. Ng3 Qf7 24. cxb5 axb5 25. Qxa8+ Bxa8 26. Rc8+ Bf8 27. Rxa8 Qxd5 28. Ra3 Nb6 29. Ke2 Qc4+ 30. Kf3 Qc6+ 31. Ke2 Nc4 32. Rc1 d5 33. Ra7 h6 34. Bc3 d4 35. Ba1 Qd5 36. Rd1 Bxb4 37. f3 Nd6 38. Rc7 Qxa2+ 39. Kf1 Qxh2 40. Ne2 Nf5 41. Bb2 Ne3# 0-1

[Event "XIII Mediterranean Championship 2023"]
[Site "Castell-Platja d Aro"]
[Date "2023.11.08"]
[Round "6.17"]
[White "Clot Chico, Arnau"]
[Black "Fortuny Profitos, Jordi"]
[Result "0-1"]
[ECO "B40"]
[WhiteElo "2008"]
[BlackElo "2135"]
[Annotator "RC"]
[PlyCount "84"]
[EventDate "2023.10.26"]
[EventType "swiss"]
[EventCountry "ESP"]
[SourceTitle "playchess.com"]
[Source "ChessBase"]
[SourceQuality "1"]
[TimeControl "5400+30"]

1. e4 c5 2. Nf3 e6 3. g3 Nc6 4. Bg2 Nf6 5. Qe2 d5 6. exd5 Nxd5 7. O-O Be7 8. c3 O-O 9. Na3 Bd7 10. Nc2 Bf6 11. Rd1 Qc7 12. d4 cxd4 13. Nfxd4 Nxd4 14. Nxd4 a6 15. c4 Nb6 16. b3 e5 17. Nc2 Bc6 18. Bb2 Rad8 19. Ne3 Bxg2 20. Kxg2 Qc6+ 21. Kg1 e4 22. Nf5 Rfe8 23. Rxd8 Rxd8 24. Re1 g6 25. Nh6+ Kg7 26. Ng4 Bxb2 27. Qxb2+ f6 28. Qc1 Nd7 29. Qf4 Nc5 30. h4 Rd6 31. h5 g5 32. h6+ Kg6 33. Qe3 Nd3 34. Re2 f5 35. Nh2 Kxh6 36. f4 gxf4 37. gxf4 Rg6+ 38. Rg2 Qc5 39. Nf1 Rxg2+ 40. Kxg2 Qxe3 41. Nxe3 Nxf4+ 42. Kg3 Kg5 0-1

[Event "XIII Mediterranean Championship 2023"]
[Site "Castell-Platja d Aro"]
[Date "2023.11.08"]
[Round "6.18"]
[White "Guillo Longares, Cecilia"]
[Black "Jimenez Fernandez, Rebeca"]
[Result "0-1"]
[ECO "D36"]
[WhiteElo "2065"]
[BlackElo "2053"]
[Annotator "RC"]
[PlyCount "105"]
[EventDate "2023.10.26"]
[EventType "swiss"]
[EventCountry "ESP"]
[SourceTitle "playchess.com"]
[Source "ChessBase"]
[SourceQuality "1"]
[TimeControl "5400+30"]

1. d4 Nf6 2. c4 e6 3. Nf3 d5 4. Nc3 c6 5. cxd5 exd5 6. Qc2 Bd6 7. Bg5 O-O 8. e3 Nbd7 9. Bd3 g6 10. O-O Re8 11. Rae1 Be7 12. h3 Nf8 13. Ne5 Ne6 14. f4 c5 15. Bxf6 Bxf6 16. f5 Nf8 17. fxg6 hxg6 18. Qf2 Nh7 19. h4 Be6 20. h5 Bxe5 21. dxe5 Qg5 22. hxg6 fxg6 23. Qf4 Kg7 24. Nb5 Re7 25. Nd6 Bg8 26. Qxg5 Nxg5 27. Bxg6 Kxg6 28. Rf6+ Kh7 29. Kf2 Ne4+ 30. Nxe4 dxe4 31. Rh1+ Kg7 32. Rhh6 Rf7 33. Rhg6+ Kf8 34. Kg3 Rxf6 35. exf6 Kf7 36. Rh6 Ke6 37. Kf4 Bf7 38. g4 Rg8 39. g5 c4 40. Rh2 b5 41. Rd2 Bg6 42. a3 a5 43. Rc2 Rc8 44. Rc1 b4 45. axb4 axb4 46. Ra1 c3 47. Ra6+ Kd5 48. bxc3 bxc3 49. Ra5+ Kc4 50. Ra4+ Kb3 51. Ra7 c2 52. Rb7+ Kc3 53. Ke5 0-1

[Event "XIII Mediterranean Championship 2023"]
[Site "Castell-Platja d Aro"]
[Date "2023.11.08"]
[Round "6.19"]
[White "Makka, Ioulia"]
[Black "Pla Almenar, Nel"]
[Result "1-0"]
[ECO "B45"]
[WhiteElo "1900"]
[BlackElo "2070"]
[Annotator "NA RC"]
[PlyCount "59"]
[EventDate "2023.10.26"]
[EventType "swiss"]
[EventCountry "ESP"]
[SourceTitle "playchess.com"]
[Source "ChessBase"]
[SourceQuality "1"]
[TimeControl "5400+30"]

1. e4 c5 2. Nf3 e6 3. d4 cxd4 4. Nxd4 Nf6 5. Nc3 Nc6 6. Ndb5 Bc5 7. Nd6+ Ke7 8. Nxc8+ Rxc8 9. Be2 Qc7 10. O-O a6 11. a3 h6 12. Kh1 Bd4 13. Bd3 g5 14. f4 gxf4 15. Bxf4 Be5 16. Qd2 Rcg8 17. Bxe5 Qxe5 18. Rf4 Rg4 19. Raf1 Rxf4 20. Rxf4 Rg8 21. Qf2 Rg4 22. g3 Rg7 23. Qb6 Ng4 24. Qxb7 Qh5 25. h4 Nge5 26. Be2 Qg6 27. g4 f5 28. exf5 Qf6 29. fxe6 Qxf4 30. Nd5+ 1-0

[Event "XIII Mediterranean Championship 2023"]
[Site "Castell-Platja d Aro"]
[Date "2023.11.08"]
[Round "6.20"]
[White "Galvan Cipriani, Viviana"]
[Black "De Lomas Busquets, Alba"]
[Result "1/2-1/2"]
[ECO "A26"]
[WhiteElo "2077"]
[BlackElo "1873"]
[Annotator "NA RC"]
[PlyCount "56"]
[EventDate "2023.10.26"]
[EventType "swiss"]
[EventCountry "ESP"]
[SourceTitle "playchess.com"]
[Source "ChessBase"]
[SourceQuality "1"]
[TimeControl "5400+30"]

1. c4 e5 2. Nc3 Nc6 3. g3 g6 4. Bg2 Bg7 5. d3 d6 6. Rb1 Nge7 7. Nf3 O-O 8. O-O h6 9. b4 Be6 10. b5 Nd4 11. e3 Nxf3+ 12. Qxf3 Rb8 13. Ba3 Qd7 14. Qe2 c6 15. Ne4 c5 16. d4 f5 17. dxc5 fxe4 18. cxd6 Nf5 19. Bxe4 Qf7 20. Rbc1 Rfd8 21. Rfd1 b6 22. g4 Nh4 23. Bb2 Rbc8 24. Bc6 Bd7 25. Bd5 Be6 26. Bc6 Bd7 27. Bd5 Be6 28. Bc6 Bd7 1/2-1/2